 Dungeon Crawl Stone Soup version 0.25-a0-578-gc91f01c (webtiles) character file.

Game seed: 3701577091024466896, levelgen mode: deterministic

13 Anathematize the Vexing (level 2, 0/19 HPs)
             Began as a Demonspawn Enchanter on Mar 6, 2020.
             Slain by an adder (2 damage)
             ... on level 2 of the Dungeon.
             The game lasted 00:05:04 (1056 turns).

Anathematize the Vexing (Demonspawn Enchanter)      Turns: 1056, Time: 00:05:05

Health: 0/19       AC:  2    Str:  5 (8)  XL:     2   Next: 24%
Magic:  5/5        EV: 12    Int: 13 (16) God:
Gold:   69         SH:  0    Dex: 11 (13) Spells: 4/5 levels left

rFire    . . .     SeeInvis .   a - +1 dagger
rCold    . . .     Gourm    .   (no shield)
rNeg     . . .     Faith    .   b - +0 robe
rPois    .         Spirit   .   (no helmet)
rElec    .         Reflect  .   (no cloak)
rCorr    .         Harm     .   (no gloves)
MR       .....                  (no boots)
Stlth    ++........             (no amulet)
HPRegen  0.06/turn              (no ring)
MPRegen  0.09/turn              (no ring)

@: lethally poisoned (0 -> -8), hasted, very quick
A: hooves 1
a: no special abilities


You were on level 2 of the Dungeon.
You were hungry.

You visited 1 branch of the dungeon, and saw 2 of its levels.

You collected 69 gold pieces.

Inventory:

Hand Weapons
 a - a +1 dagger (weapon)
 e - a +0 hunting sling
Missiles
 h - 29 stones (quivered)
Armour
 b - a +0 robe (worn)
Scrolls
 c - a scroll of remove curse {unknown}
 i - a scroll of random uselessness {unknown}
 k - a scroll of identify {unknown}
 l - a scroll of teleportation {unknown}
 m - a scroll of immolation {unknown}
Comestibles
 d - 2 rations


   Skills:
 - Level 1.4 Short Blades
 + Level 0.1 Throwing
 - Level 1.7 Dodging
 - Level 2.9 Stealth
 * Level 0.2 Unarmed Combat
 - Level 2.0 Spellcasting
 + Level 3.1 Hexes


You had 4 spell levels left.
You knew the following spells:

 Your Spells              Type           Power        Failure   Level  Hunger
a - Corona                Hex            #......      7%          1    ##.....

Your spell library contained the following spells:

 Spells                   Type           Power        Failure   Level  Hunger
 Ensorcelled Hibernation  Hex/Ice        #.....       21%         2    ###....
 Confusing Touch          Hex            #.......     21%         3    ####...
 Tukima's Dance           Hex            #.......     21%         3    ####...
 Dazzling Flash           Conj/Hex       #.....       36%         3    ####...


Dungeon Overview and Level Annotations

Branches:
Dungeon (2/15)

Altars:


Innate Abilities, Weirdness & Mutations

You have large cloven feet.


Message History

You feel sick. The adder barely misses you.
You hit the adder.
The adder is severely wounded.
You feel sick. The adder bites you.
You hit the adder but do no damage.
The adder is severely wounded.
You are feeling hungry.
The adder bites you but does no damage.
It was a potion of haste.
You feel yourself speed up.
* * * LOW HITPOINT WARNING * * *
You feel sick. The adder bites you.
* * * LOW HITPOINT WARNING * * *
The adder closely misses you.
You miss the adder. Your kick misses the adder.
The adder is severely wounded.
You hit the adder but do no damage.
The adder is severely wounded.
* * * LOW HITPOINT WARNING * * *
You feel sick. The adder bites you.
You die...

######### #...#...##########
#.. #..#..#..#.......# #..#
#.@#..#..#####.# #..#
#.S#..#.### #.# #..#
#..###..## #.# #..#
############# #.# #..#
#.........# #.#
#..####.######### #.#
#..........###############.#
##.#####...................#
####.#####...#################


You could see an adder.

Vanquished Creatures
  A giant cockroach (D:1)
  3 goblins (D:1)
  3 hobgoblins (D:1)
  A kobold (D:2)
  A bat (D:2)
  A frilled lizard (D:2)
  A rat (D:1)
11 creatures vanquished.

Notes
Turn   | Place    | Note
-------+----------+-------------------------------------------
     0 | D:1      | Anathematize the Demonspawn Enchanter began the quest for
                  | the Orb.
     0 | D:1      | Reached XP level 1. HP: 13/13 MP: 3/3
    23 | D:1      | Reached skill level 1 in Short Blades
   583 | D:1      | Gained mutation: You have large cloven feet. [demonic
                  | ancestry]
   583 | D:1      | Reached XP level 2. HP: 19/19 MP: 5/5
  1056 | D:2      | Slain by an adder

Levels and vault maps discovered:
D:1:      giann_horns, layout_basic, minmay_domino_4
D:2:      minmay_spotlight, layout_loops_ring, marbit_many_paths,
          nicolae_ru_the_path_less_chosen, first_ration, uniq_crazy_yiuf_cottage

Skill      XL: |  1 |
---------------+----+-----
Short Blades   | 1 |  1.4
Throwing       | |  0.1
Dodging        | |  1.7
Stealth        | |  2.9
Unarmed Combat | |  0.2
Spellcasting   | |  2.0
Hexes          | |  3.1

Action                   || total
-------------------------++-------
Melee: Dagger            ||    46
       Unarmed           ||     7
       Kick              ||     5
 Fire: Hunting sling     ||    16
 Cast: Corona            ||     5
  Use: Potion            ||     3
Armor: Robe              ||    15
Dodge: Dodged            ||    51

Table legend:
 A = Non-vault XP
 B = Vault XP
 C = Vault XP percentage of total XP
 D = Non-vault monster count
 E = Vault monster count
 F = Vault count percentage of total count
                 A         B        C        D         E       F
            +---------+---------+-------+---------+---------+-------
      Total |      16 |       3 |  15.8 |       9 |       2 |  18.2
            +---------+---------+-------+---------+---------+-------
        D:1 |      12 |       3 |  20.0 |       6 |       2 |  25.0
        D:2 |       4 |       0 |   0.0 |       3 |       0 |   0.0
            +---------+---------+-------+---------+---------+-------
